 Dungeon Crawl Stone Soup version 0.29-a0-319-gad05b8d819 (webtiles) character file.

Game seed: 3569577191888711173

11622 wintermute the Basher (level 11, 0/95 HPs)
             Began as a Minotaur Gladiator on Apr 2, 2022.
             Was a High Priest of Okawaru.
             Shot with an arrow by Nessos (8 damage)
             ... on level 2 of the Orcish Mines.
             The game lasted 01:20:47 (12592 turns).

wintermute the Basher (Minotaur Gladiator)         Turns: 12592, Time: 01:20:47

Health: 0/95       AC: 16    Str: 23    XL:     11   Next: 51%
Magic:  0/13       EV:  9    Int:  9    God:    Okawaru [*****.]
Gold:   853        SH:  6    Dex: 17    Spells: 10/10 levels left

rFire   . . .      SeeInvis .   b - +6 mace "Gutu" {flame, rF- Dex+5}
rCold   . . .      Faith    .   I - +0 buckler
rNeg    + + +      Spirit   +   M - +0 plate armour
rPois   +          Reflect  .   c - +0 hat
rElec   .          Harm     .   (no cloak)
rCorr   +          Rampage  .   (no gloves)
Will    .....                   v - +1 pair of boots
Stlth   ..........              y - amulet of guardian spirit
HPRegen 0.25/turn               F - ring of Gishops {Drain rPois rF+ rN+++ Int+4}
MPRegen 0.13/turn               o - ring of resist corrosion

@: about to teleport
A: horns 2, retaliatory headbutt
a: Renounce Religion, Heroism, Finesse, Duel


You were on level 2 of the Orcish Mines.
You worshipped Okawaru.
Okawaru was extremely pleased with you.
You visited 3 branches of the dungeon, and saw 13 of its levels.

You collected 853 gold pieces.

Inventory:

Hand Weapons
 b - the +6 mace "Gutu" (weapon) {flame, rF- Dex+5}
   (You found it on level 2 of the Dungeon)

   It burns those it strikes, dealing additional fire damage.
   Dex:       It affects your dexterity (+5).
   rF:        It makes you vulnerable to fire.
 f - a +2 whip of electrocution
 h - a +1 whip
Missiles
 j - 3 javelins
 K - 5 atropa-tipped darts
 L - 9 poisoned darts (quivered)
 N - a curare-tipped dart
Armour
 c - a +0 hat (worn)
 v - a +1 pair of boots (worn)
 I - a +0 buckler (worn)
 M - a +0 plate armour (worn)
Jewellery
 o - a ring of resist corrosion (right hand)
 p - a +6 ring of intelligence
 y - an amulet of guardian spirit (around neck)
 z - an amulet of magic regeneration
 F - the ring of Gishops (left hand) {Drain rPois rF+ rN+++ Int+4}
   (You found it on level 5 of the Dungeon)

   [ring of protection from fire]

   Int:       It affects your intelligence (+4).
   rF:        It protects you from fire.
   rPois:     It protects you from poison.
   rN:        It renders you almost immune to negative energy.
   Drain:     It drains your maximum health when unequipped.
 O - a ring of ice
Wands
 d - a wand of acid (7)
 e - a wand of flame (29)
 u - a wand of polymorph (6)
 x - a wand of mindburst (6)
 E - a wand of iceblast (6)
 J - a wand of paralysis (1)
Scrolls
 a - a scroll of fog
 g - a scroll of silence
 k - a scroll of teleportation
 l - 2 scrolls of enchant armour
 w - a scroll of brand weapon
 C - 2 scrolls of amnesia
 H - a scroll of blinking
Potions
 i - 3 potions of flight
 q - a potion of resistance {unknown}
 r - a potion of degeneration {unknown}
 s - 2 potions of might {unknown}
 t - 5 potions of curing
 A - a potion of magic {unknown}
 D - 4 potions of brilliance
 G - a potion of attraction {unknown}


   Skills:
 + Level 8.9 Fighting
 + Level 11.3 Maces & Flails
 - Level 5.1 Throwing
 + Level 9.7 Armour
 - Level 6.0 Dodging
 + Level 7.3 Shields
 - Level 4.0 Invocations
 - Level 6.0 Evocations


You had 10 spell levels left.
You didn't know any spells.
Your spell library contained the following spells:

 Spells                   Type           Power      Damage    Failure   Level
 Inner Flame              Hex/Fire       0%         N/A       100%        3
 Cause Fear               Hex            0%         N/A       100%        4
 Discord                  Hex            0%         N/A       100%        8


Dungeon Overview and Level Annotations

Branches:
Dungeon (10/15)            Temple (1/1) D:7            Lair (0/6) D:8
    Orc (2/2) D:10            Elf (0/3) Orc:2

Altars:
Ashenzari
Elyvilon
Fedhas
Gozag
Hepliaklqana
Kikubaaqudgha
Makhleb
Nemelex Xobeh
Okawaru
Qazlal
Ru
Trog
Uskayaw
Vehumet
Wu Jian
Xom
Yredelemnul
Zin
Lugonu

Shops:
D:7 (   Orc:1 =

Annotations:
Orc:2 Nessos


Innate Abilities, Weirdness & Mutations

You have a pair of horns on your head.
You reflexively headbutt those who attack you in melee.


Message History

Nessos shoots an arrow.
The arrow hits you but does no damage.
Nessos shoots an arrow.
The arrow hits you. The arrow burns you. The ogre attacks as you move away!
The ogre hits you with a +0 giant spiked club!
Nessos zaps a wand.
Some rock shatters into small pieces.
The ogre hits you with a +0 giant spiked club!!
Nessos zaps a wand.
Some rock shatters into small pieces.
The now-empty wand crumbles to dust.
The ogre attacks as you move away! The ogre barely misses you.
Nessos shoots an arrow.
The arrow hits you.
* * * LOW HITPOINT WARNING * * *
The arrow burns you.
* * * LOW HITPOINT WARNING * * *
The orc priest looks braver for a moment.
The orc priest mumbles some strange prayers to Beogh against you.
Beogh smites you!
* * * LOW HITPOINT WARNING * * *
As you read the scroll of teleportation, it crumbles to dust.
You feel strangely unstable.
Nessos unwields a +1 longbow of flaming.
It stops flaming.
Nessos hits you.
* * * LOW HITPOINT WARNING * * *
Nessos completely misses you. The orc warrior barely misses you.
Nessos closely misses you. You furiously retaliate!
You headbutt Nessos! Nessos closely misses you.
You feel much better. Nessos closely misses you.
Nessos kicks you but does no damage.
The orc warrior hits you but does no damage.
The ogre hits you with a +0 giant spiked club.
Nessos closely misses you. Nessos kicks you but does no damage.
Nessos wields a +1 longbow of flaming.
It bursts into flame!
Nessos shoots an arrow.
The arrow hits you!
* * * LOW HITPOINT WARNING * * *
The arrow burns you.
* * * LOW HITPOINT WARNING * * *
The orc priest calls down the wrath of Beogh upon you.
Beogh smites you!
* * * LOW HITPOINT WARNING * * *
Nessos shoots an arrow.
The arrow hits you!
You die...

..............
............#
#...........#
#..........#
..........#
........###
........########
............o.o#####
.............oc.@..#
#....#..#.....O#####
##.########.#.## ##
#####


You could see Nessos (fast), an orc warrior, an ogre, an orc priest and an orc.

Vanquished Creatures
  Fannar (Orc:1)
  3 two-headed ogres
  2 orc high priests (Orc:2)
  A cyclops (Orc:2)
  Joseph (D:7)
  Grinder (D:6)
  A wyvern (D:9)
  5 yaks
  Eustachio (D:6)
  Menkaure (D:4)
  3 wargs (Orc:2)
  2 water moccasins
  10 orc warriors
  2 ice beasts (D:7)
  A sky beast (D:5)
  6 black bears
  A hornet zombie (D:7)
  2 ogres
  3 centaurs
  A phantom (D:4)
  2 kobold brigands (D:9)
  4 bullfrogs (D:8)
  8 necrophages
  2 scorpions
  7 wights
  3 killer bees (D:8)
  3 howler monkeys
  A centaur zombie (D:7)
  3 hounds
  8 orc priests
  A gnoll shaman (D:9)
  A jelly (D:5)
  Crazy Yiuf (D:2)
  7 iguanas
  8 orc wizards
  Natasha (thrice) (D:4)
  Ijyb (D:4)
  A killer bee zombie (D:7)
  2 howler monkey zombies (D:7)
  4 gnolls (D:9)
  5 adders
  A shadow imp (D:5)
  4 white imps
  4 dart slugs
  A worm (D:2)
  41 orcs
  6 ball pythons
  5 bats
  6 endoplasms
  6 giant cockroaches
  4 goblins
  6 hobgoblins
  4 quokkas
  4 frilled lizards (D:1)
  11 kobolds
  5 rats
231 creatures vanquished.

Vanquished Creatures (others)
  Erica (Orc:1)
  59 fungi (D:8)
  34 plants (D:8)
94 creatures vanquished.

Grand Total: 325 creatures vanquished

Notes
Turn   | Place    | Note
-------+----------+-------------------------------------------
     0 | D:1      | wintermute the Minotaur Gladiator began the quest for the
                  | Orb.
     0 | D:1      | Reached XP level 1. HP: 18/18 MP: 0/0
   281 | D:1      | Reached XP level 2. HP: 24/25 MP: 1/1
   368 | D:1      | Reached skill level 4 in Maces & Flails
   853 | D:1      | Reached XP level 3. HP: 31/31 MP: 2/2
  1198 | D:1      | Found an iron altar of Okawaru.
  1637 | D:2      | Found a faded altar of an unknown god.
  2135 | D:2      | Found a runed translucent door.
  2136 | D:2      | Noticed Crazy Yiuf
  2142 | D:2      | Killed Crazy Yiuf
  2143 | D:2      | Reached skill level 1 in Armour
  2143 | D:2      | Reached XP level 4. HP: 29/40 MP: 3/3
  2181 | D:2      | Identified the +6 mace "Gutu" {flame, rF- Dex+5}
  2912 | D:3      | Found an ornate altar of the Wu Jian Council.
  3145 | D:3      | Found a hide-covered altar of Uskayaw.
  3148 | D:3      | Found a burning altar of Makhleb.
  3158 | D:3      | Found a radiant altar of Vehumet.
  3160 | D:3      | Found a bloodstained altar of Trog.
  3166 | D:3      | Found an ancient bone altar of Kikubaaqudgha.
  3510 | D:4      | Noticed Menkaure
  3519 | D:4      | Killed Menkaure
  3520 | D:4      | Reached skill level 5 in Maces & Flails
  3520 | D:4      | Reached XP level 5. HP: 24/47 MP: 2/4
  3659 | D:4      | Noticed a water moccasin
  3668 | D:4      | Killed a water moccasin
  3669 | D:4      | Reached skill level 5 in Fighting
  3669 | D:4      | Reached XP level 6. HP: 55/56 MP: 5/5
  3695 | D:4      | Noticed Natasha
  3704 | D:4      | Killed Natasha
  3711 | D:4      | Reached skill level 6 in Maces & Flails
  3733 | D:4      | Reached XP level 7. HP: 50/61 MP: 4/6
  3910 | D:4      | Noticed Natasha
  3919 | D:4      | Killed Natasha
  4079 | D:4      | Noticed Ijyb
  4087 | D:4      | Killed Ijyb
  4431 | D:4      | Noticed Natasha
  4435 | D:4      | Killed Natasha
  4522 | D:4      | Reached skill level 7 in Maces & Flails
  5174 | D:5      | Entered Level 5 of the Dungeon
  5394 | D:5      | Reached skill level 8 in Maces & Flails
  5394 | D:5      | Reached XP level 8. HP: 69/69 MP: 7/7
  5540 | D:5      | Identified the ring of Gishops {Drain rPois rF+ rN+++
                  | Int+4}
  5564 | D:5      | Found a white marble altar of Elyvilon.
  5599 | D:6      | Reached skill level 5 in Armour
  5820 | D:6      | Found a sacrificial altar of Ru.
  5929 | D:6      | Noticed Eustachio
  5934 | D:6      | Reached skill level 1 in Evocations
  5940 | D:6      | Killed Eustachio
  5945 | D:6      | Noticed Grinder
  5986 | D:6      | Killed Grinder
  5987 | D:6      | Reached skill level 5 in Dodging
  6431 | D:6      | Found an opulent altar of Gozag.
  6564 | D:7      | Reached skill level 9 in Maces & Flails
  6605 | D:7      | Reached XP level 9. HP: 79/79 MP: 8/8
  6698 | D:7      | Reached skill level 1 in Shields
  6858 | D:7      | Noticed Joseph
  6874 | D:7      | Killed Joseph
  7475 | D:7      | Found a staircase to the Ecumenical Temple.
  7481 | Temple   | Entered the Ecumenical Temple
  7586 | Temple   | Became a worshipper of Warmaster Okawaru
  7867 | D:7      | Found Dozafunu's Antique Weapon Shoppe.
  7905 | D:7      | Reached skill level 1 in Invocations
  8240 | D:8      | Found a stormy altar of Qazlal.
  8295 | D:8      | Noticed a two-headed ogre
  8303 | D:8      | Killed a two-headed ogre
  8303 | D:8      | Reached * piety under Okawaru
  8304 | D:8      | Reached XP level 10. HP: 61/86 MP: 7/10
  8609 | D:8      | Reached skill level 10 in Maces & Flails
  8609 | D:8      | Reached skill level 5 in Shields
  8639 | D:8      | Reached ** piety under Okawaru
  8700 | D:8      | Found a staircase to the Lair.
  9925 | D:9      | Identified the +0 leather armour of Experimentation {Contam
                  | rN+ Str+2 Dex+2}
 10021 | D:9      | Reached skill level 5 in Throwing
 10021 | D:9      | Reached skill level 5 in Evocations
 10024 | D:9      | Reached *** piety under Okawaru
 10123 | D:9      | Noticed a two-headed ogre
 10131 | D:9      | Killed a two-headed ogre
 10634 | D:9      | Received a gift from Okawaru
 10647 | D:9      | Reached **** piety under Okawaru
 11040 | D:10     | Entered Level 10 of the Dungeon
 11066 | D:10     | Noticed a two-headed ogre
 11071 | D:10     | Killed a two-headed ogre
 11072 | D:10     | Reached XP level 11. HP: 94/94 MP: 13/13
 11098 | D:10     | Found a staircase to the Orcish Mines.
 11106 | Orc:1    | Entered Level 1 of the Orcish Mines
 11198 | Orc:1    | Noticed Erica
 11200 | Orc:1    | Noticed Fannar
 11220 | Orc:1    | Killed Erica
 11660 | Orc:1    | Killed Fannar
 11750 | Orc:1    | Found Hoixor's Jewellery Boutique.
 11901 | Orc:2    | Entered Level 2 of the Orcish Mines
 12126 | Orc:2    | Reached skill level 11 in Maces & Flails
 12128 | Orc:2    | Noticed an orc high priest
 12133 | Orc:2    | Killed an orc high priest
 12147 | Orc:2    | Noticed an orc high priest
 12149 | Orc:2    | Noticed a soul eater
 12158 | Orc:2    | Found a staircase to the Elven Halls.
 12449 | Orc:2    | Noticed an orc high priest
 12464 | Orc:2    | Killed an orc high priest
 12464 | Orc:2    | Reached ***** piety under Okawaru
 12576 | Orc:2    | Noticed Nessos
 12592 | Orc:2    | Shot with an arrow by Nessos

Illustrated notes

Levels and vault maps discovered:
D:1:      dpeg_arrival_water_altar, layout_basic, minmay_door_square,
          skrybe_limestone_x
D:2:      layout_loops_ring, ebering_ecumenical_altar_sacrificial,
          corner_web_ring, feat_on_display, uniq_crazy_yiuf_cottage
D:3:      layout_loops_corners, nicolae_overflow_hallway_of_the_gods,
          nicolae_wu_jian_immortal_techniques
D:4:      mumra_celtic_spiral_tile, layout_layer_cave, uniq_ijyb, uniq_menkaure,
          uniq_natasha
D:5:      lemuel_ice_spiral_2, layout_rooms, mainiacjoe_overflow_alcove_1
D:6:      layout_cave_pools, mainiacjoe_overflow_six_doors_small,
          marbit_many_paths, uniq_eustachio, uniq_grinder
D:7:      layout_basic, minmay_temple_entry_enclosed_plants, serial_shops, shop,
          serial_undead, serial_undead_d, serial_undead_a, serial_undead_e,
          serial_undead_a, serial_undead_e, serial_undead_a, serial_undead_a,
          uniq_joseph
D:8:      layout_layer_cave, grunt_qazlal_sundering, due_lair_maze_entry_diamond
D:9:      layout_cave_pools, serial_column_ruins, column_ruins_grid_4,
          column_ruins_open_tiny, column_ruins_columns_water,
          column_ruins_columns_T, column_ruins_open_small_water,
          column_ruins_columns_dead_end, kennysheep_dice
D:10:     minmay_blocky_corners, layout_long_grid,
          nicolae_dithmenos_through_a_glass_darkly, slow_altar_1,
          general_overflow_altar, mainiacjoe_overflow_catwalk
Temple:   corrupted_temple
Orc:1:    layout_caves, serial_shops, shop, uniq_erica, uniq_fannar
Orc:2:    st_orc_town, layout_caves, serial_shops, nicolae_shop_behind_doors,
          uniq_nessos

Skill      XL: |  1  2  3  4  5  6  7  8  9 10 11 |
---------------+----------------------------------+-----
Maces & Flails | 4 5 6 8 9 10 11 | 11.3
Fighting       | 3 4 5 7 8 |  8.9
Dodging        | 4 5 6 |  6.0
Armour         | 1 2 3 4 5 7 8 9 |  9.7
Throwing       | 4 5 |  5.1
Evocations     | 2 4 5 6 |  6.0
Shields        | 4 6 7 |  7.3
Invocations    | 2 4 |  4.0

Action                   |  1- 3 |  4- 6 |  7- 9 | 10-12 || total
-------------------------+-------+-------+-------+-------++-------
Melee: Flail             |    10 |       |       |       ||    10
       Whip              |    83 |       |       |       ||    83
       Headbutt          |    14 |     7 |    37 |    56 ||   114
       Punch             |     2 |     1 |     1 |       ||     4
       Mace              |       |    34 |   185 |   223 ||   442
Throw: Throwing net      |     2 |     7 |     4 |       ||    13
       Dart              |       |     3 |    43 |    37 ||    83
       Javelin           |       |     1 |    18 |    41 ||    60
Evoke: Wand              |       |       |       |    16 ||    16
  Use: Scroll            |       |    10 |     9 |     4 ||    23
       Potion            |       |       |       |     3 ||     3
 Stab: Held in net/web   |       |     2 |     3 |       ||     5
       Invisible         |       |       |       |     1 ||     1
Armor: Leather armour    |    19 |       |       |       ||    19
       Scale mail        |     4 |    12 |    30 |       ||    46
       Chain mail        |       |       |    26 |       ||    26
       Plate armour      |       |       |     8 |   122 ||   130
Dodge: Dodged            |    50 |    26 |    86 |    88 ||   250
Block: Buckler           |       |       |    19 |    69 ||    88

Table legend: (Time is in decaauts)
 A = Elapsed time spent in this place.
 B = Non-inter-level travel time spent in this place.
 C = Inter-level travel time spent in this place.
 D = Time resting spent in this place.
 E = Time spent auto-exploring this place.
 F = Levels seen in this place.
 G = Mean time per level.
                   A        B        C        D        E       F      G
               +--------+--------+--------+--------+--------+-----+--------+
         Total |  12572 |  12572 |      0 |   2361 |   7412 |  13 |  967.1 |
       Dungeon |  10968 |  10968 |      0 |   1632 |   6989 |  10 | 1096.8 |
        Temple |    123 |    123 |      0 |      0 |     13 |   1 |  123.0 |
  Orcish Mines |   1480 |   1480 |      0 |    728 |    410 |   2 |  740.0 |
               +--------+--------+--------+--------+--------+-----+--------+

Top non-repeatable levels by time:
     D:8: 1691 daAuts
     D:4: 1691 daAuts
     D:2: 1405 daAuts
     D:7: 1398 daAuts
     D:9: 1294 daAuts
     D:1: 1243 daAuts
     D:6: 928 daAuts
     D:3: 832 daAuts
   Orc:1: 791 daAuts
   Orc:2: 689 daAuts
     D:5: 416 daAuts
  Temple: 123 daAuts
    D:10: 66 daAuts
